Map: 2000 Atmospheres LE

Players

Denver - Winner!

  • Race: Zerg Zerg

uThermal

  • Race: Terran Terran

Event: DreamHack SC2 Masters 2021 Fall

VOD

Have the link to the VOD?

Description

Time

  • Played on: Aug. 8, 2021, 1:12 p.m.
  • Length: 15:27

All games in this series

Show
View Real Time Build Order
Export as new Build Order

Denver Zerg - Winner!

Build Orders: Hatch First, Muta Ling Bane 

Get SALT Encoding   

  12  0:00  Drone  
  13  0:13  Overlord  
  13  0:17  Drone  
  14  0:31  Drone x2  
  16  0:48  Hatchery  
  15  0:51  Drone  
  15  0:55  Drone  
  17  0:59  Drone  
  18  1:09  Extractor  
  17  1:15  Spawning Pool  
  17  1:18  Drone  
  17  1:21  Drone  
  18  1:32  Drone  
  19  1:39  Drone  
  20  1:51  Overlord  
  20  2:01  Queen x2  
  20  2:02  Zergling x4  
  26  2:11  Metabolic Boost  
  26  2:13  Drone x2  
  28  2:27  Drone x2  
  30  2:36  Spore Crawler  
  29  2:42  Hatchery  
  29  2:43  Drone  
  29  2:48  Drone  
  31  2:56  Overlord  
  31  2:57  Queen  
  33  2:59  Drone x2  
  33  3:01  Drone  
  33  3:05  Overlord  
  36  3:14  Overlord  
  36  3:19  Drone x4  
  40  3:25  Queen  
  42  3:32  Drone x2  
  44  3:38  Queen  
  44  3:41  Drone x2  
  48  3:42  Drone  
  48  3:43  Drone x2  
  51  3:49  Drone  
  52  3:58  Zergling x6  
  52  3:59  Baneling Nest  
  54  4:06  Lair  
  54  4:08  Extractor, Drone x3  
  54  4:09  Overlord  
  57  4:11  Overlord  
  57  4:13  Drone x2  
  59  4:18  Drone  
  59  4:20  Overlord  
  60  4:26  Extractor  
  60  4:27  Extractor  
  60  4:31  Drone x5  
  60  4:37  Drone x2  
  65  4:39  Queen  
  65  4:43  Drone x2  
  69  4:50  Zergling x12  
  69  4:51  Drone  
  69  4:52  Drone x2  
  78  4:55  Drone  
  78  4:59  Drone  
  80  5:01  Baneling Nest  
  80  5:03  Extractor  
  80  5:04  Extractor  
  76  5:07  Drone, Spire  
  76  5:08  Drone  
  76  5:11  Drone  
  78  5:16  Drone  
  78  5:20  Queen  
  81  5:22  Overlord x2  
  81  5:24  Overlord  
  81  5:30  Overlord  
  81  5:38  Overlord  
  81  5:39  Overlord  
  81  5:42  Drone x8  
  89  5:45  Centrifical Hooks  
  89  5:54  Hatchery  
  88  6:02  Drone  
  88  6:03  Drone x3  
  92  6:07  Evolution Chamber x2  
  89  6:20  Mutalisk x8  
  89  6:23  Baneling x6  
  105  6:26  Zerg Flyer Weapons Level 1  
  105  6:28  Zergling x6  
  105  6:32  Zergling x6  
  111  6:35  Zerg Ground Armor Level 1  
  111  6:37  Zerg Melee Weapons Level 1  
  111  6:39  Drone  
  111  6:45  Zergling x8  
  111  6:46  Zergling x4  
  117  6:51  Baneling x10  
  117  6:55  Zergling x10  
  122  7:02  Baneling x3  
  121  7:11  Mutalisk x2  
  121  7:13  Overlord  
  119  7:20  Drone x11  
  128  7:30  Drone  
  128  7:31  Drone x4  
  128  7:36  Zergling x2  
  128  7:37  Zergling x4  
  131  7:42  Baneling x11  
  131  7:45  Zergling x6  
  131  7:47  Overseer  
  131  7:50  Hatchery  
  133  7:51  Spore Crawler, Mutalisk  
  133  7:52  Mutalisk x2  
  133  7:53  Baneling x4  
  133  7:57  Zergling x12  
  144  7:59  Overlord  
  144  8:00  Baneling x5  
  144  8:01  Overlord  
  144  8:02  Overlord  
  144  8:04  Overseer  
  137  8:14  Zergling x12  
  137  8:15  Zergling x2  
  133  8:21  Zergling x20  
  133  8:30  Zergling x14  
  135  8:36  Baneling x8  
  135  8:38  Zergling x2  
  135  8:39  Zergling x2, Zerg Melee Weapons Level 2, Zerg Ground Armor Level 2  
  135  8:44  Zergling x2  
  135  8:45  Zergling x8  
  140  8:51  Zergling x16  
  140  8:52  Queen  
  140  8:54  Queen  
  149  8:56  Overlord  
  149  8:57  Baneling x8  
  149  9:01  Zergling x8  
  153  9:02  Baneling  
  153  9:04  Mutalisk  
  153  9:05  Mutalisk  
  157  9:13  Mutalisk  
  159  9:17  Extractor  
  159  9:18  Extractor, Drone x3  
  159  9:19  Drone x3  
  159  9:20  Overlord  
  159  9:22  Zergling x16  
  171  9:27  Pneumatized Carapace  
  171  9:29  Zerg Flyer Weapons Level 2  
  171  9:31  Zergling x6  
  171  9:32  Zergling x6  
  178  9:38  Zergling x6  
  179  9:46  Infestation Pit  
  179  9:47  Baneling  
  179  9:48  Baneling x8  
  179  9:49  Zergling x20  
  186  9:58  Mutalisk x2  
  178  10:01  Drone x7  
  178  10:06  Mutalisk x2  
  184  10:12  Overlord  
  188  10:17  Baneling x10  
  188  10:21  Hatchery  
  187  10:23  Spore Crawler  
  187  10:24  Spore Crawler, Overlord  
  185  10:29  Burrow, Hive  
  185  10:32  Spore Crawler  
  185  10:33  Baneling  
  184  10:37  Zergling x20  
  184  10:39  Overseer x2  
  184  10:42  Overlord  
  193  10:43  Overlord x2  
  191  10:51  Zergling x2  
  191  10:52  Zergling x16  
  196  11:05  Zergling x8  
  175  11:18  Mutalisk x6  
  175  11:19  Zergling x2, Mutalisk x3  
  176  11:26  Zergling x30  
  176  11:31  Zergling x8  
  167  11:36  Zergling x2  
  152  11:40  Zergling x12  
  157  11:48  Baneling x14  
  157  11:51  Zergling x8  
  157  11:52  Zergling x12  
  167  11:59  Adrenal Glands  
  167  12:01  Zergling x8  
  169  12:12  Zerg Ground Armor Level 3  
  169  12:13  Ultralisk Cavern  
  169  12:14  Zergling x2  
  169  12:15  Zergling x22  
  180  12:17  Baneling x4  
  178  12:27  Zergling x16  
  171  12:33  Zergling x8  
  167  12:38  Zergling x2  
  167  12:39  Zergling x10  
  167  12:43  Overseer  
  162  12:44  Mutalisk  
  162  12:45  Mutalisk x3  
  170  12:58  Mutalisk x5  
  170  13:03  Zergling x10  
  186  13:10  Chitinous Plating  
  186  13:12  Zergling x10  
  187  13:29  Drone x12  
  187  13:31  Baneling x18  
  199  13:35  Baneling  
  199  13:36  Baneling x8  
  199  13:39  Overseer x2  
  191  14:00  Baneling x24  
  191  14:06  Unknown  
  189  14:23  Ultralisk  
  189  14:24  Zergling x34, Ultralisk  
  184  14:25  Zergling x2  
  184  14:31  Baneling x10  
  198  14:40  Zergling x4  
  198  14:43  Baneling x2  
  198  14:44  Baneling x9  
  185  14:58  Zergling x42  
  177  15:03  Baneling x13, Baneling Nest  
Show
View Real Time Build Order
Export as new Build Order

uThermal Terran 

Build Orders: Reaper Expand 

Get SALT Encoding   

  12  0:00  SCV  
  13  0:12  SCV  
  14  0:17  Supply Depot  
  14  0:24  SCV  
  15  0:38  SCV  
  15  0:39  Barracks  
  16  0:43  Refinery  
  16  0:50  SCV  
  17  1:02  SCV  
  18  1:14  SCV  
  19  1:26  Reaper  
  19  1:27  Orbital Command  
  20  1:39  Command Center  
  20  1:48  Supply Depot  
  20  1:52  SCV  
  21  1:58  Marine  
  22  2:05  SCV  
  22  2:07  Factory  
  23  2:20  Barracks Reactor, SCV  
  24  2:32  SCV  
  25  2:42  Command Center  
  25  2:44  SCV  
  26  2:58  Orbital Command  
  26  2:59  SCV  
  26  3:00  Starport  
  26  3:05  Refinery  
  27  3:11  SCV  
  28  3:13  Hellion  
  28  3:15  Hellion  
  32  3:23  SCV  
  32  3:25  SCV  
  34  3:34  Hellion  
  34  3:35  SCV  
  34  3:37  SCV, Hellion  
  34  3:39  Viking  
  42  3:43  Barracks Tech Lab  
  42  3:48  SCV  
  43  3:49  SCV  
  43  3:54  Orbital Command  
  44  4:00  SCV, Hellion x2  
  44  4:02  SCV  
  49  4:06  Marine, Stimpack  
  49  4:09  Starport Reactor  
  50  4:12  SCV  
  50  4:14  SCV  
  52  4:19  Supply Depot, Orbital Command  
  52  4:23  Marine  
  54  4:24  SCV  
  54  4:31  SCV, Barracks, Factory Reactor  
  54  4:33  Barracks  
  54  4:36  SCV  
  56  4:41  Marine  
  56  4:43  SCV, Engineering Bay  
  56  4:44  Engineering Bay  
  58  4:51  SCV  
  59  4:52  Refinery  
  59  4:53  Supply Depot  
  59  4:54  SCV  
  59  4:57  SCV, Starport Reactor  
  59  4:59  Marine, Supply Depot  
  62  5:03  SCV  
  62  5:06  SCV  
  64  5:12  Barracks x2  
  64  5:13  Terran Infantry Armor Level 1, Terran Infantry Weapons Level 1  
  64  5:17  Marine  
  64  5:19  Refinery  
  64  5:20  SCV x2  
  67  5:21  SCV  
  67  5:22  Marine x2  
  67  5:26  Marine x2  
  72  5:32  Supply Depot, SCV  
  72  5:34  SCV, Widow Mine x2  
  72  5:35  Marine, SCV  
  79  5:40  Supply Depot  
  79  5:42  Medivac  
  82  5:43  Medivac  
  82  5:45  Marine  
  85  5:50  Supply Depot  
  85  5:53  Marine x3, SCV x3  
  85  5:55  Combat Shield  
  91  6:00  Widow Mine  
  91  6:02  Barracks Reactor, Widow Mine  
  91  6:03  Barracks Reactor  
  95  6:05  SCV  
  95  6:07  Marine, SCV  
  95  6:08  Bunker, SCV  
  99  6:12  Medivac  
  99  6:16  Marine  
  99  6:18  Marine x2  
  102  6:20  SCV, Supply Depot  
  102  6:21  Widow Mine  
  102  6:23  Marine, Widow Mine  
  108  6:26  Marine  
  108  6:32  Supply Depot  
  109  6:34  Armory  
  109  6:38  Supply Depot  
  109  6:42  Marine x4, SCV  
  109  6:43  Widow Mine  
  109  6:45  Factory  
  109  6:46  Supply Depot  
  109  6:47  Marine  
  116  6:53  Marine x2  
  121  6:54  Widow Mine  
  121  6:55  Supply Depot  
  121  6:57  Marine, Supply Depot  
  121  6:58  Marine  
  121  6:59  Marine  
  124  7:02  Marine  
  124  7:04  Missile Turret  
  124  7:05  Missile Turret  
  122  7:10  Marine  
  122  7:11  Marine, Widow Mine  
  122  7:12  Marine  
  125  7:19  Marine, SCV  
  125  7:22  Marine x2  
  122  7:30  Terran Infantry Armor Level 2  
  122  7:32  Marine  
  122  7:36  Marine, SCV  
  121  7:38  Marine x2  
  121  7:39  Marine  
  121  7:41  Marine  
  125  7:45  Terran Infantry Weapons Level 2  
  125  7:48  SCV  
  125  7:49  Marine  
  125  7:51  Marine  
  128  7:52  Marine  
  128  7:55  Medivac  
  128  7:58  Marine x2, Medivac  
  133  8:06  Widow Mine  
  124  8:14  Marine  
  124  8:15  Marine x4  
  124  8:18  Marine  
  124  8:19  Widow Mine  
  125  8:20  SCV  
  125  8:26  Marine x2, Medivac  
  121  8:28  Marine  
  121  8:31  Widow Mine  
  121  8:32  Marine x2  
  121  8:33  SCV  
  121  8:34  Marine  
  123  8:35  Marine  
  123  8:40  Marine x2, Factory Tech Lab  
  126  8:42  Medivac, Command Center  
  126  8:45  Marine  
  126  8:46  Marine  
  128  8:52  Marine x2  
  128  8:54  Widow Mine x2  
  131  8:56  SCV  
  131  8:58  SCV  
  131  8:59  Thor, Drilling Claws  
  131  9:02  Marine x2  
  141  9:04  Marine  
  141  9:07  SCV  
  141  9:08  Missile Turret  
  143  9:12  Marine x2  
  143  9:13  Supply Depot  
  143  9:16  Medivac  
  147  9:18  Medivac  
  147  9:21  Marine  
  147  9:22  Marine  
  147  9:23  Supply Depot  
  151  9:24  Marine  
  151  9:28  Marine x2  
  151  9:31  Widow Mine  
  156  9:35  Widow Mine  
  156  9:37  Supply Depot  
  158  9:38  Marine  
  158  9:40  Sensor Tower  
  158  9:42  Marine x2  
  161  9:45  Thor  
  167  9:57  Marine x2  
  167  9:58  Widow Mine  
  167  9:59  Marine x2, Medivac  
  163  10:00  Marine x2  
  163  10:03  Marine x2  
  166  10:07  Concussive Shells, Widow Mine  
  160  10:14  Marine x2  
  160  10:16  Barracks  
  160  10:18  Marine  
  160  10:19  Widow Mine, Barracks  
  160  10:20  SCV x2  
  167  10:26  Marine  
  167  10:28  Marine, Widow Mine  
  168  10:31  Marine  
  168  10:33  Marauder  
  172  10:39  Missile Turret x2  
  172  10:41  Thor  
  178  10:44  Planetary Fortress  
  178  10:45  SCV  
  178  10:49  Marine  
  180  10:52  Marine x2  
  180  10:54  Marauder  
  182  11:05  Marine x2  
  177  11:11  Marine  
  177  11:12  Medivac  
  177  11:15  Marauder  
  177  11:17  Orbital Command  
  177  11:18  Marine x3  
  124  11:29  Marine x2  
  124  11:32  Marine, Widow Mine  
  107  11:34  Marine  
  107  11:35  Marine x3  
  107  11:37  Widow Mine, Marauder  
  107  11:38  SCV  
  115  11:42  Widow Mine  
  115  11:43  Liberator  
  118  11:48  SCV x2  
  118  11:51  SCV  
  118  11:53  Marine x2  
  123  11:55  Marine, Widow Mine  
  123  11:58  Marine, Barracks Tech Lab x2, Marauder  
  123  11:59  Marine x2  
  123  12:00  SCV x2  
  123  12:01  Widow Mine  
  131  12:15  Marine  
  131  12:19  Marine x3  
  131  12:20  Marauder x2  
  131  12:21  Widow Mine x2  
  131  12:22  Widow Mine  
  138  12:31  Marine x3  
  138  12:32  Marauder  
  138  12:33  Marine  
  142  12:41  Marauder  
  129  12:44  Marine, Widow Mine  
  129  12:45  Marine, Marauder  
  129  12:46  SCV  
  129  12:48  Marine x2  
  138  12:52  Marine  
  138  12:53  Marine x2  
  143  13:01  Widow Mine x2  
  143  13:02  Marine, SCV  
  149  13:06  Marine, Marauder  
  149  13:07  Marine  
  149  13:11  Missile Turret  
  149  13:12  Marine  
  154  13:13  Marauder  
  154  13:15  Marine  
  154  13:16  Widow Mine  
  154  13:23  Widow Mine x2  
  154  13:25  Marine  
  154  13:26  Missile Turret  
  154  13:27  SCV  
  154  13:29  SCV  
  154  13:31  Marine  
  154  13:34  Medivac  
  154  13:37  Marine x2, SCV  
  154  13:39  SCV  
  160  13:52  Widow Mine  
  160  13:55  SCV x2  
  164  13:58  Supply Depot, Missile Turret x2  
  164  13:59  Supply Depot  
  164  14:05  Refinery  
  164  14:13  Marine x3, SCV x3  
  164  14:14  Marine  
  171  14:17  Marine  
  171  14:19  Marauder  
  171  14:23  Marine, Marauder  
  169  14:25  Marine, SCV  
  169  14:26  Marauder  
  173  14:35  Marine x2, Supply Depot, Widow Mine  
  173  14:38  Marine  
  166  14:58  Marine, Marauder  
  166  14:59  Marine  
  135  15:00  Widow Mine x2, Marauder  
  135  15:02  Marine, Marauder  

Tags
 
Add a new tag
Caveats
  • Supply blocks, unpowered buildings, or Contaminate may cause inaccurate times.
  • Supply counts are checked every 10 seconds.